AoeStats
← RIP

African Clearing

510650988Analyzed
3v3 RM · 13d ago on Oct 2, 2026· 37m 15s· 6 players
Game mode
Random Map
Map size
Normal (6 player)
Population
200
Speed
Normal
Resources
Standard
Victory
Conquest
Starting age
Dark Age
Ending age
Imperial Age
RankedLock teamsTeams togetherTeam positionsShared explorationLock speedFull tech treeHidden civsTurbo modeCheats
Victory
Defeat
🇹🇷 Wei · Türkiye
799
+15
🇨🇱 Franks · Chile
774
+16
🇸🇮 Persians · Slovenia
701
+19
vs
🇵🇪 Cumans · Peru
783
-17
🇵🇪 Bulgarians · Peru
774
-17
🇺🇸 Poles · United States
765
-16
jotap07
4:03 Loom
15:38 Feudal Age
RIP
20:12 Feudal Age
19:27 Loom
26:12 Castle Age
Xi
6:44 Loom
19:18 Feudal Age
23:27 Man-at-Arms
25:34 Wheelbarrow
32:09 Double-Bit Axe
38:09 Castle Age
GRACMAN
3:18 Loom
14:01 Feudal Age
14:21 Double-Bit Axe
15:24 Wheelbarrow
16:18 Stone Mining
21:21 Castle Age
20:59 Horse Collar
24:00 Gold Mining
25:05 Bow Saw
27:38 Hand Cart
29:20 Kamandaran
29:28 Crossbowman
30:19 Thumb Ring
31:06 Fletching
32:23 Gold Shaft Mining
32:27 Stone Shaft Mining
33:07 Heavy Plow
EsTeDAH
12:25 Feudal Age
25:02 Castle Age
34:15 Double-Bit Axe
34:23 Pikeman
34:51 Gambesons
Valhalla
11:34 Loom
13:54 Feudal Age
14:30 Double-Bit Axe
15:02 Horse Collar
20:35 Gold Mining
20:35 Stone Mining
20:59 Stone Mining
22:43 Wheelbarrow
24:55 Fletching
25:47 Man-at-Arms
30:27 Castle Age
30:02 Padded Archer Armor
31:24 Bodkin Arrow
32:47 Bow Saw
33:31 Scale Barding Armor
36:47 Chain Barding Armor
37:33 Guard Tower
Connection lost

Rejoining the realm…

Still unreachable

The connection could not be restored.

Session expired

The server has moved on; the page needs a fresh start.